 Dungeon Crawl Stone Soup version 0.25-a0-109-ge9c0e85935 (webtiles) character file.

Game seed: 10673350976410427094, levelgen mode: deterministic

55392 SawLoser the Protected (level 14, -11/121 HPs)
             Began as a Naga Fire Elementalist on Nov 18, 2019.
             Was the Champion of Cheibriados.
             Killed from afar by a deep elf mage (24 damage)
             ... with a bolt of lightning
             ... on level 1 of the Elven Halls.
             The game lasted 01:46:11 (21823 turns).

SawLoser the Protected (Naga Fire Elementalist)    Turns: 21823, Time: 01:46:12

Health: -11/121    AC: 26    Str: 33    XL:     14   Next: 77%
Magic:  6/24       EV:  8    Int: 35    God:    Cheibriados [******]
Gold:   1426       SH:  6    Dex: 28    Spells: 6/26 levels left

rFire    . . .     SeeInvis +   j - +2 war axe (elec)
rCold    + . .     Gourm    .   J - +0 buckler
rNeg     . . .     Faith    .   i - +4 chain mail {rC+}
rPois    +         Spirit   .   F - +2 helmet {Int+3}
rElec    .         Reflect  .   C - +2 cloak {MR+}
rCorr    .         Harm     .   z - +1 pair of gloves
MR       +++..                  (no barding)
Stlth    ..........             D - amulet of regeneration
HPRegen  0.70/turn              a - ring of protection from magic
MPRegen  0.19/turn              (no ring)

@: mighty, very slightly contaminated, very slow
A: large, see invisible, clever 1, deformed body, poison resistance, slowness 2,
slow metabolism 1, spit poison 1, weak 1, wild magic 1, MP-powered wands,
constrict 1, AC +4
a: Spit Poison, Bend Time, Temporal Distortion, Slouch, Step From Time, Renounce
Religion


You were on level 1 of the Elven Halls.
You worshipped Cheibriados.
Cheibriados was exalted by your worship.
You were not hungry.

You visited 3 branches of the dungeon, and saw 18 of its levels.

You collected 1928 gold pieces.
You spent 502 gold pieces at shops.

Inventory:

Hand Weapons
 j - a +2 war axe of electrocution (weapon)
 s - a +2 war axe of flaming
 K - a +4 short sword of venom
Missiles
 b - 63 boomerangs
 o - 14 silver boomerangs
 E - 20 poisoned darts (quivered)
 N - 3 boomerangs of dispersal
Armour
 i - a +4 chain mail of cold resistance (worn)
 r - a +1 chain mail of fire resistance
 z - a +1 pair of gloves (worn)
 C - a +2 cloak of magic resistance (worn)
 F - a +2 helmet of intelligence (worn)
 J - a +0 buckler (worn)
Jewellery
 a - a ring of protection from magic (left hand)
 m - an uncursed amulet of the acrobat
 D - an amulet of regeneration (around neck)
 P - an uncursed ring of flight
Wands
 n - a wand of flame (19)
 w - a wand of digging (4)
 y - a wand of clouds (7)
 O - a wand of enslavement (9)
 Q - a wand of paralysis (9)
 R - a wand of iceblast (7)
Scrolls
 e - a scroll of enchant armour
 f - 2 scrolls of magic mapping
 g - 3 scrolls of enchant weapon
 k - 8 scrolls of remove curse
 l - 2 scrolls of blinking
 q - 7 scrolls of teleportation
 t - 2 scrolls of immolation
 u - a scroll of noise
 A - a scroll of amnesia
 B - a scroll of fog
 S - a scroll of identify
Potions
 d - 2 potions of heal wounds
 h - 4 potions of flight
 p - 4 potions of lignification
 v - a potion of agility
 x - 3 potions of curing
 G - a potion of resistance {unknown}
 H - a potion of brilliance {unknown}
 L - a potion of cancellation {unknown}
Comestibles
 c - 14 rations


   Skills:
 - Level 6.7 Fighting
 - Level 8.0 Short Blades
 - Level 2.8 Axes
 - Level 2.0 Throwing
 - Level 12.2 Armour
 - Level 1.5 Dodging
 - Level 3.0 Stealth
 - Level 2.8 Shields
 + Level 6.9 Spellcasting
 - Level 7.6 Conjurations
 - Level 1.2 Charms
 - Level 1.2 Necromancy
 - Level 1.1 Translocations
 - Level 1.9 Transmutations
 * Level 11.2 Fire Magic
 - Level 1.3 Earth Magic
 - Level 8.7 Invocations
 - Level 1.9 Evocations


You had 6 spell levels left.
You knew the following spells:

 Your Spells              Type           Power        Failure   Level  Hunger
a - Flame Tongue          Conj/Fire      #####        1%          1    None
b - Conjure Flame         Conj/Fire      #######.     1%          3    None
c - Sticky Flame          Conj/Fire      #######.     4%          4    #......
d - Passwall              Tmut/Erth      ####....     13%         2    None
e - Regeneration          Chrm/Necr      ####......   26%         3    None
f - Blink                 Tloc           N/A          16%         2    None
g - Fireball              Conj/Fire      #######...   10%         5    ####...

Your spell library contained the following spells:

 Spells                   Type           Power        Failure   Level  Hunger
 Magic Dart               Conj           ####         1%          1    None
 Throw Flame              Conj/Fire      ######       1%          2    None
 Inner Flame              Hex/Fire       ######..     5%          3    None
 Stone Arrow              Conj/Erth      ######       9%          3    None
 Animate Skeleton         Necr           N/A          10%         1    None
 Pain                     Necr           ####         10%         1    None
 Sandblast                Erth           ####..       10%         1    None
 Confusing Touch          Hex            ###...       16%         1    None
 Mephitic Cloud           Conj/Pois/Air  #####...     17%         3    None
 Call Imp                 Summ           ###.....     24%         2    None
 Slow                     Hex            ###.....     24%         2    None
 Vampiric Draining        Necr           ####......   26%         3    None
 Gell's Gravitas          Tloc           ####......   28%         3    None
 Confuse                  Hex            ###.....     41%         3    None
 Petrify                  Tmut/Erth      ####....     58%         4    #......
 Animate Dead             Necr           N/A          63%         4    #......
 Lee's Rapid Deconstruct  Erth           ####......   91%         5    ####...
 Yara's Violent Unravell  Hex/Tmut       ###.......   94%         5    ####...
 Metabolic Englaciation   Hex/Ice        ###.......   98%         5    ####...


Dungeon Overview and Level Annotations

Branches:
Dungeon (15/15)            Temple (0/1) D:6             Orc (2/2) D:9
    Elf (1/3) Orc:2
   Lair: D:8-11      Vaults: D:13-14     Depths: D:15

Altars:
Cheibriados
Dithmenos
Fedhas
Gozag
Hepliaklqana
Kikubaaqudgha
Nemelex Xobeh
Qazlal
Sif Muna
Trog
Xom
Zin
The Shining One
Beogh

Shops:
D:4 [**%[   D:6 *   D:12 (   Orc:2 [*(:

Annotations:
D:11 exclusions: 2 downstairs and 2 oklob plants
D:13 exclusion: upstairs
Orc:1 exclusion: downstairs


Innate Abilities, Weirdness & Mutations

You cannot wear boots.
Your serpentine skin is tough. (AC +4)
You have supernaturally acute eyesight. (SInv)
Armour fits poorly on your strangely shaped body.
Your system is resistant to poisons. (rPois)
You cover ground very slowly.
You have a slow metabolism.
You can spit poison.
You can use your snake-like lower body to constrict enemies.
Your mind is acute. (Int +2)
You are weak. (Str -2)
Your spells are a little harder to cast, but a little more powerful.
You expend magic power (3 MP) to strengthen your wands.


Message History

The deep elf mage gestures at you while chanting.
The bolt of lightning hits you!
* * * LOW HITPOINT WARNING * * *
You hear a shout! x2
Casting: Sticky Flame (safe; 4% risk of failure)
Confirm with . or Enter, or press ? or * to list all spells.
Okay, then.
Casting: Sticky Flame (safe; 4% risk of failure)
Confirm with . or Enter, or press ? or * to list all spells.
Aiming: Fireball (slightly dangerous; 10% risk of failure)
Press: ? - help, Shift-Dir - straight line
Okay, then.
A deep elf mage comes into view. It is wielding a +0 long sword.
The deep elf mage shouts!
The deep elf mage casts a spell at you. The bolt of lightning hits you!
* * * LOW HITPOINT WARNING * * *
The deep elf mage gestures at you while chanting.
The bolt of lightning hits you!!
You die...

..##...#####...#...#
..###### ..##..## ##..#....
...# ..##).# #......##
#...##### ..##)## #....##
##....... ..)...####
#.....## ##......#
..##.....#
##)#....###......##
..##'#'#+#
#......#.#.......#
####.#.#.#
#.##...##.#...##.#
###############.@...###...#
# ........)...#.......#
##>...
.....).)))<.#.#.....#
#.###.#
............#........# #.#
# ............#........e.
.. ............#..........#
# #############........e.#
#.#.#.# ...........#
#+#+#+#


You could see 2 deep elf magi.

Vanquished Creatures
  A deep elf sorcerer (Elf:1)
  An orc warlord (Orc:2)
  3 centaur warriors
  A two-headed ogre (D:15)
  2 tengu warriors (D:15)
  3 orc high priests
  4 deep elf knights (Elf:1)
  An unseen horror (shapeshifter) (D:12)
  2 deep elf archers (Elf:1)
  An unseen horror (D:13)
  Pikel (D:8)
  3 orc knights
  28 deep elf magi
  4 orc sorcerers
  A manticore (D:13)
  A cyclops (D:12)
  2 centaur zombies
  Maurice (D:8)
  A gargoyle (D:12)
  2 kobold demonologists (D:13)
  3 tengu conjurers (D:15)
  8 trolls
  A hippogriff (D:7)
  20 slime creatures
  A shadow (D:15)
  2 wraiths
  6 wyverns
  24 yaks
  Grum (D:11)
  A hungry ghost (D:11)
  4 vampire mosquitoes (D:12)
  7 wargs
  39 orc warriors
  3 sky beasts
  A slave (D:7)
  2 eyes of draining
  3 ice beasts
  6 phantoms
  4 wolves
  13 ogres
  10 centaurs
  A necrophage (D:7)
  A crocodile (D:9)
  A big kobold (D:13)
  12 bullfrogs
  Blork the orc (D:5)
  An earth elemental (Elf:1)
  3 scorpions
  7 wights
  24 killer bees
  10 howler monkeys
  8 crimson imps
  4 jellies
  Crazy Yiuf (D:5)
  9 hounds
  A gnoll shaman (D:3)
  21 orc priests
  4 centaur skeletons
  19 orc wizards
  A bullfrog skeleton (D:5)
  4 iguanas
  6 worker ants
  A hound skeleton (D:6)
  A worker ant zombie (D:6)
  4 gnolls
  14 adders
  5 shadow imps
  2 oozes
  5 worms
  An adder skeleton (D:6)
  An adder zombie (D:5)
  2 dart slugs (D:1)
  3 leopard geckos
  97 orcs
  3 ball pythons
  A bat zombie (D:2)
  2 giant cockroaches
  4 goblins
  6 hobgoblins
  18 jackals
  4 quokkas
  4 bats
  18 frilled lizards
  12 kobolds
  A leopard gecko skeleton (D:2)
  A leopard gecko zombie (D:5)
  3 rats
574 creatures vanquished.

Vanquished Creatures (others)
  2 slaves (D:8)
  A fire vortex (Elf:1)
  5 fungi (Orc:2)
  2 plants
10 creatures vanquished.

Grand Total: 584 creatures vanquished

Notes
Turn   | Place    | Note
-------+----------+-------------------------------------------
     0 | D:1      | SawLoser the Naga Fire Elementalist began the quest for the
                  | Orb.
     0 | D:1      | Reached XP level 1. HP: 15/15 MP: 3/3
   167 | D:1      | Reached XP level 2. HP: 18/22 MP: 0/5
   729 | D:1      | Reached XP level 3. HP: 24/28 MP: 0/6
  1373 | D:1      | Reached skill level 1 in Short Blades
  1778 | D:1      | Learned a level 3 spell: Conjure Flame
  1887 | D:1      | Reached XP level 4. HP: 34/36 MP: 7/7
  2461 | D:2      | Found a glowing golden altar of the Shining One.
  2878 | D:3      | Found a snail-covered altar of Cheibriados.
  2884 | D:3      | Became a worshipper of Cheibriados the Contemplative
  3303 | D:3      | Found a sparkling altar of Nemelex Xobeh.
  3500 | D:3      | Reached XP level 5. HP: 15/43 MP: 1/9
  4101 | D:3      | Found a blossoming altar of Fedhas.
  4104 | D:3      | Found a stormy altar of Qazlal.
  4107 | D:3      | Found a shimmering blue altar of Sif Muna.
  4275 | D:4      | Reached skill level 1 in Armour
  4343 | D:4      | Found Pibrulac's Assorted Antiques.
  4627 | D:4      | Reached skill level 1 in Fighting
  4853 | D:4      | Reached XP level 6. HP: 51/51 MP: 7/10
  4856 | D:4      | Reached * piety under Cheibriados
  4987 | D:4      | Found Senimiga's Armour Shoppe.
  5110 | D:4      | Found a shimmering altar of Xom.
  5111 | D:4      | Noticed an angel
  5112 | D:4      | Found a glowing silver altar of Zin.
  5169 | D:3      | Reached skill level 2 in Armour
  5609 | D:4      | Found Korapnoe's Food Boutique.
  5638 | D:4      | Found Rickor's Antique Armour Shoppe.
  5703 | D:4      | Found Wifulas's Assorted Antiques.
  5752 | D:4      | Reached skill level 1 in Invocations
  5853 | D:5      | Entered Level 5 of the Dungeon
  5945 | D:5      | Noticed a wyvern
  5950 | D:5      | Killed a wyvern
  5950 | D:5      | Reached skill level 3 in Armour
  5950 | D:5      | Reached XP level 7. HP: 26/58 MP: 11/11
  6193 | D:5      | Found a runed translucent door.
  6194 | D:5      | Noticed Crazy Yiuf
  6378 | D:5      | Noticed Blork the orc
  6393 | D:5      | Killed Blork the orc
  6393 | D:5      | Reached ** piety under Cheibriados
  6531 | D:5      | Found an opulent altar of Gozag.
  7236 | D:5      | Found an opulent altar of Gozag.
  7525 | D:5      | Killed Crazy Yiuf
  7629 | D:6      | Reached skill level 1 in Throwing
  7629 | D:6      | Reached skill level 4 in Armour
  7629 | D:6      | Reached XP level 8. HP: 63/67 MP: 7/12
  7664 | D:6      | Found Moehys Kao's General Store.
  7759 | D:5      | Found an opulent altar of Gozag.
  8285 | D:6      | Found a bloodstained altar of Trog.
  8972 | D:6      | Found a shadowy altar of Dithmenos.
  9301 | D:6      | Found a staircase to the Ecumenical Temple.
  9313 | D:6      | Reached skill level 5 in Armour
  9325 | D:6      | Reached *** piety under Cheibriados
  9325 | D:6      | Reached skill level 5 in Fire Magic
  9325 | D:6      | Reached XP level 9. HP: 50/74 MP: 14/14
  9482 | D:6      | Learned a level 4 spell: Sticky Flame
 10003 | D:7      | Reached skill level 1 in Evocations
 10166 | D:7      | Reached skill level 1 in Shields
 10605 | D:8      | Reached **** piety under Cheibriados
 10605 | D:8      | Reached skill level 6 in Armour
 11120 | D:8      | Noticed Maurice
 11345 | D:8      | Noticed Pikel
 11353 | D:8      | Killed Pikel
 11353 | D:8      | Reached XP level 10. HP: 84/84 MP: 5/16
 11493 | D:8      | Found a hazy altar of Hepliaklqana.
 11493 | D:8      | Found an ancient bone altar of Kikubaaqudgha.
 11495 | D:8      | Found an opulent altar of Gozag.
 11705 | D:8      | Killed Maurice
 11705 | D:8      | Reached skill level 5 in Short Blades
 11705 | D:8      | Reached skill level 5 in Conjurations
 12053 | D:9      | Reached ***** piety under Cheibriados
 12135 | D:9      | Reached skill level 7 in Armour
 12268 | D:9      | Learned a level 2 spell: Passwall
 12272 | D:9      | Learned a level 3 spell: Regeneration
 12587 | D:9      | Found a roughly hewn altar of Beogh.
 12587 | D:9      | Found a staircase to the Orcish Mines.
 12896 | D:9      | Noticed a centaur warrior
 12904 | D:9      | Killed a centaur warrior
 12904 | D:9      | Reached skill level 1 in Charms
 12904 | D:9      | Reached skill level 1 in Necromancy
 13030 | D:10     | Entered Level 10 of the Dungeon
 13075 | D:10     | Reached XP level 11. HP: 22/91 MP: 12/17
 13160 | D:10     | Learned a level 2 spell: Blink
 13599 | D:10     | Reached ****** piety under Cheibriados
 14283 | D:10     | Reached skill level 8 in Armour
 14313 | D:11     | Noticed an oklob plant
 14530 | D:11     | Noticed an oklob plant
 14653 | D:11     | Found a shimmering blue altar of Sif Muna.
 15016 | D:11     | Noticed Grum
 15028 | D:11     | Reached skill level 5 in Invocations
 15049 | D:11     | Killed Grum
 15758 | D:12     | Noticed a cyclops
 15772 | D:12     | Killed a cyclops
 15904 | D:12     | Noticed a centaur warrior
 15922 | D:12     | Killed a centaur warrior
 15922 | D:12     | Reached XP level 12. HP: 67/100 MP: 18/18
 15943 | D:12     | Reached skill level 9 in Armour
 15993 | D:12     | Noticed a centaur warrior
 16004 | D:12     | Killed a centaur warrior
 16114 | D:12     | Reached skill level 5 in Fighting
 16245 | D:12     | Found Ihuvorphidiu's Weapon Boutique.
 16627 | D:12     | You fall into a shaft and drop 1 floor!
 16724 | D:13     | Reached skill level 10 in Armour
 17833 | D:13     | Gained mutation: Your spells are a little easier to cast,
                  | but a little less powerful. [potion of mutation]
 17833 | D:13     | Gained mutation: You are clumsy. (Dex -2) [potion of
                  | mutation]
 17833 | D:13     | Gained mutation: Your movements are slightly less
                  | encumbered by armour. (ER -2) [potion of mutation]
 17844 | D:14     | You fall into a shaft and drop 1 floor!
 17844 | D:15     | Entered Level 15 of the Dungeon
 17844 | D:15     | Noticed a centaur warrior
 17865 | D:15     | Noticed a tengu warrior
 17882 | D:15     | Killed a tengu warrior
 17882 | D:15     | Gained mutation: You can use your snake-like lower body to
                  | constrict enemies. [Naga growth]
 17882 | D:15     | Reached XP level 13. HP: 54/111 MP: 3/19
 18125 | D:15     | Reached skill level 11 in Armour
 18276 | D:14     | Noticed a fire dragon
 18414 | D:14     | Found a shadowy altar of Dithmenos.
 18454 | D:14     | Learned a level 5 spell: Fireball
 18620 | Orc:1    | Entered Level 1 of the Orcish Mines
 18638 | D:9      | Reached skill level 1 in Translocations
 19448 | Orc:2    | Entered Level 2 of the Orcish Mines
 19695 | Orc:2    | Reached skill level 1 in Transmutations
 19733 | Orc:2    | Found Apatias's Book Shoppe.
 19879 | Orc:2    | Reached skill level 5 in Spellcasting
 19883 | Orc:2    | Reached skill level 12 in Armour
 19901 | Orc:2    | Reached skill level 1 in Earth Magic
 20160 | Orc:2    | Reached skill level 1 in Axes
 20277 | Orc:2    | Noticed an orc warlord
 20287 | Orc:2    | Killed an orc warlord
 20287 | Orc:2    | Reached XP level 14. HP: 25/121 MP: 17/21
 20420 | Orc:2    | Lost mutation: Your spells are a little easier to cast, but
                  | a little less powerful. [potion of mutation]
 20420 | Orc:2    | Lost mutation: You are clumsy. (Dex -2) [potion of
                  | mutation]
 20420 | Orc:2    | Lost mutation: Your movements are slightly less encumbered
                  | by armour. (ER -2) [potion of mutation]
 20420 | Orc:2    | Gained mutation: Your mind is acute. (Int +2) [potion of
                  | mutation]
 20420 | Orc:2    | Gained mutation: You expend magic power (3 MP) to
                  | strengthen your wands. [potion of mutation]
 20420 | Orc:2    | Gained mutation: You are weak. (Str -2) [potion of
                  | mutation]
 20420 | Orc:2    | Gained mutation: Your spells are a little harder to cast,
                  | but a little more powerful. [potion of mutation]
 20658 | Orc:2    | Found Hikli's Antique Armour Shop.
 20666 | Orc:2    | Bought a runed helmet for 217 gold pieces
 20777 | Orc:2    | Found Fetwem's General Store.
 20887 | Orc:2    | Found Jaikkoc's Antique Weapon Shop.
 20921 | Orc:2    | Found a staircase to the Elven Halls.
 21033 | Orc:2    | Bought a translucent ring mail for 261 gold pieces
 21069 | Orc:2    | Bought a scroll of identify for 24 gold pieces
 21069 | Orc:2    | Identified the cursed +1 ring mail of Cowardice {*Drain MR+
                  | rCorr SInv} (You bought it in a shop on level 2 of the
                  | Orcish Mines)
 21094 | Elf:1    | Entered Level 1 of the Elven Halls
 21741 | Elf:1    | Reached skill level 10 in Fire Magic
 21800 | Elf:1    | Noticed a deep elf sorcerer
 21807 | Elf:1    | Killed a deep elf sorcerer
 21823 | Elf:1    | Killed from afar by a deep elf mage

Levels and vault maps discovered:
D:1:      dpeg_arrival_tiny_d, layout_basic, minmay_lizard_king
D:2:      layout_basic, nicolae_tso_carved_into_rock, serial_undead,
          serial_undead_d, serial_undead_b, serial_undead_b, serial_undead_b
D:3:      layout_loops_ring, lemuel_coloured_pillars_altar,
          overflow_temple_1_default, grunt_temple_overflow_diamond
D:4:      layout_rooms, grunt_temple_overflow_order_and_chaos_1, serial_shops,
          nicolae_shop_statue_plus, kennysheep_mini_moat,
          nicolae_shop_overgrown_old_shop, nicolae_shop_trees,
          nicolae_shop_behind_doors, first_ration
D:5:      layout_loops_ring, basic_altar, uniq_blork_the_orc,
          uniq_crazy_yiuf_cottage
D:6:      layout_loops_corners, overflow_temple_1_default, lemuel_round_altar,
          minmay_temple_entry_from_below_a, serial_shops, shop_fountains
D:7:      layout_gridville
D:8:      layout_loops_ring, grunt_temple_overflow_open, uniq_pikel,
          uniq_maurice
D:9:      layout_roguey, david_orc_5
D:10:     layout_long_grid
D:11:     layout_roguey, dpeg_oklobed_lair, basic_altar, uniq_grum
D:12:     layout_roguey, gauntlet_entry_generic, serial_shops,
          nicolae_shop_behind_doors
D:13:     layout_cave_pods, st_stairs_4
D:14:     layout_long_grid, david_vaults_1, nicolae_dithmenos_shadow_blocks
D:15:     grunt_enter_depths_giant_problem, layout_cave_pools, nrook_uturn
Orc:1:    cheibrodos_orc_guarddog, layout_caves
Orc:2:    grunt_orc_gardens, layout_caves, grunt_orc_garden, grunt_orc_garden,
          grunt_orc_garden, grunt_orc_garden, portal_ice_cave_entry_pillars_1,
          special_room, nicolae_orc_rich_vein
Elf:1:    minmay_elf_arrival_summoners, layout_loops_cross, minmay_elf_sorcery,
          grunt_ministairs_3

Skill      XL: |  1  2  3  4  5  6  7  8  9 10 11 12 13 14 |
---------------+-------------------------------------------+-----
Short Blades   | 1 2 3 4 5 7 8 |  8.0
Fire Magic     | 4 5 6 7 8 11 | 11.2
Conjurations   | 2 3 4 6 7 |  7.6
Armour         | 1 3 4 5 6 7 8 10 12 | 12.2
Fighting       | 1 2 3 4 5 6 |  6.7
Spellcasting   | 3 4 5 6 |  6.9
Invocations    | 1 2 3 5 7 8 |  8.7
Throwing       | 1 2 |  2.0
Evocations     | 1 |  1.9
Shields        | 2 |  2.8
Charms         | 1 |  1.2
Necromancy     | 1 |  1.2
Translocations | 1 |  1.1
Transmutations | 1 |  1.9
Earth Magic    | 1 |  1.3
Axes           | 1 2 |  2.8
Dodging        | |  1.5
Stealth        | |  3.0

Action                   |  1- 3 |  4- 6 |  7- 9 | 10-12 | 13-15 || total
-------------------------+-------+-------+-------+-------+-------++-------
Melee: Dagger            |    69 |       |       |       |       ||    69
       Short sword       |     5 |   113 |   178 |   623 |   303 ||  1222
       Constrict         |       |       |       |       |   117 ||   117
       War axe           |       |       |       |       |   143 ||   143
Throw: Dart              |       |     7 |   101 |   200 |    79 ||   387
       Boomerang         |       |       |     9 |   106 |    31 ||   146
       Javelin           |       |       |       |     5 |       ||     5
 Cast: Flame Tongue      |    31 |    82 |   129 |   159 |    13 ||   414
       Conjure Flame     |       |       |     7 |    23 |       ||    30
       Sticky Flame      |       |       |       |    29 |    22 ||    51
       Fireball          |       |       |       |       |     4 ||     4
       Blink             |       |       |       |       |     3 ||     3
       Regeneration      |       |       |       |       |     1 ||     1
Invok: Bend Time         |       |       |     1 |       |       ||     1
       Slouch            |       |       |       |       |     7 ||     7
 Abil: Spit Poison       |     1 |    14 |    18 |    21 |     2 ||    56
Evoke: Wand              |       |       |     4 |    11 |     8 ||    23
  Use: Scroll            |       |     5 |     2 |    23 |     6 ||    36
       Potion            |       |       |       |     4 |     5 ||     9
 Stab: Sleeping          |     3 |     4 |       |       |       ||     7
       Distracted        |       |       |       |     1 |       ||     1
       Confused          |       |       |       |       |     1 ||     1
  Eat: Chunk             |     2 |    11 |     7 |    19 |    10 ||    49
       Ration            |       |       |     1 |       |     2 ||     3
Armor: Robe              |    16 |    19 |       |       |       ||    35
       Leather armour    |       |     7 |       |       |       ||     7
       Ring mail         |       |    30 |   114 |    40 |       ||   184
       Chain mail        |       |       |       |   392 |   319 ||   711
Dodge: Dodged            |    60 |    83 |    92 |   275 |   206 ||   716
Block: Buckler           |       |       |    22 |   239 |   152 ||   413

Table legend:
 A = Non-vault XP
 B = Vault XP
 C = Vault XP percentage of total XP
 D = Non-vault monster count
 E = Vault monster count
 F = Vault count percentage of total count
                 A         B        C        D         E       F
            +---------+---------+-------+---------+---------+-------
      Total |   53466 |   25666 |  32.4 |     479 |      94 |  16.4
            +---------+---------+-------+---------+---------+-------
        D:1 |      68 |      13 |  16.0 |      34 |      11 |  24.4
        D:2 |      41 |       3 |   6.8 |      18 |       2 |  10.0
        D:3 |     137 |       0 |   0.0 |      19 |       0 |   0.0
        D:4 |     264 |       0 |   0.0 |      15 |       0 |   0.0
        D:5 |     534 |     133 |  19.9 |      13 |       2 |  13.3
        D:6 |    1195 |       0 |   0.0 |      28 |       0 |   0.0
        D:7 |    1474 |       0 |   0.0 |      26 |       0 |   0.0
        D:8 |     758 |    1101 |  59.2 |      12 |       2 |  14.3
        D:9 |    3461 |     504 |  12.7 |      45 |      21 |  31.8
       D:10 |    2210 |     121 |   5.2 |      37 |       1 |   2.6
       D:11 |    3798 |     546 |  12.6 |      41 |       4 |   8.9
       D:12 |    9189 |       0 |   0.0 |      44 |       0 |   0.0
       D:13 |    5931 |     737 |  11.1 |      34 |       2 |   5.6
       D:14 |    4136 |       0 |   0.0 |      21 |       0 |   0.0
       D:15 |    5272 |       0 |   0.0 |      11 |       0 |   0.0
      Orc:1 |    2563 |    2212 |  46.3 |      37 |       7 |  15.9
      Orc:2 |    1760 |    9117 |  83.8 |      26 |      25 |  49.0
      Elf:1 |   10675 |   11179 |  51.2 |      18 |      17 |  48.6
            +---------+---------+-------+---------+---------+-------
